 Dungeon Crawl Stone Soup version 0.30.0-30-g96aa6591b8 (webtiles) character file.

Game seed: 2859129535602413560

5 rj54x the Ruffian (level 1, -8/17 HPs)
             Began as a Ghoul Gladiator on June 30, 2023.
             Mangled by Crazy Yiuf
             ... wielding a +2 quarterstaff of chaos
              (9 damage)
             ... on level 2 of the Dungeon.
             The game lasted 00:05:52 (493 turns).

rj54x the Ruffian (Ghoul Gladiator)                  Turns: 493, Time: 00:05:53

Health: -8/17      AC:  7    Str: 17    XL:     1   Next: 80%
Magic:  0/0        EV: 11    Int:  3    God:
Gold:   21         SH:  0    Dex: 10    Spells: 0/0 levels left

rFire   + .          .
                       - Unarmed
rCold   + + +        (no shield)
rNeg    + + +        g - +0 ring mail {rC+}
rPois   ∞            b - +0 helmet
rElec   +            (no cloak)
rCorr   +            i - +0 pair of gloves
SInv    .            (no boots)
Will    .....        (no amulet) Stlth
                     (no ring)
HPRegen 0.00/turn    (no ring)
MPRegen 0.07/turn

%: no passive effects
@: resistant, inhibited regen
A: claws 1, cold resistance 1, negative energy resistance 3, inhibited
regeneration, torment resistance 2, devour on kill
a: no special abilities


You were on level 2 of the Dungeon.
You visited 1 branch of the dungeon, and saw 2 of its levels.

You collected 21 gold pieces.

Inventory:

Hand Weapons
 k - a +1 hammer of protection
 l - a +0 hammer
Missiles
 c - 3 throwing nets
 d - a javelin (quivered)
Armour
 a - a +0 leather armour
 b - a +0 helmet (worn)
 g - a +0 ring mail of cold resistance (worn)
 i - a +0 pair of gloves (worn)
Jewellery
 e - an amulet of faith
Scrolls
 f - a scroll of teleportation {unknown}
 h - a scroll of poison {unknown}
Potions
 j - a potion of might {unknown}


   Skills:
 + Level 2.1 Fighting
 - Level 1.8 Throwing
 - Level 2.8 Dodging
 + Level 3.5 Unarmed Combat


You couldn't memorise any spells.
You didn't know any spells.
Your spell library was empty.

Dungeon Overview and Level Annotations

Branches:
Dungeon (1/15)

Altars:

Annotations:
D:2 Crazy Yiuf


Innate Abilities, Weirdness & Mutations

You are immune to poison.
You have sharp fingernails.
Your flesh is cold resistant. (rC+)
You are immune to negative energy. (rN+++)
You do not regenerate when monsters are visible.
You are immune to unholy pain and torment.
You thrive by killing the living.


Message History

You finish putting on your +0 pair of gloves.
j - a glowing sapphire potion
There is a shaft here.
You fall into a shaft and drop 1 floor!
The shaft crumbles and collapses.
Found a runed hammer, a hammer and 11 gold pieces.
You see here a +1 hammer of protection.
k - a +1 hammer of protection You see here a +0 hammer.
l - a +0 hammer You now have 21 gold pieces (gained 11).
Found three hammers and a glowing hammer.
Found a runed translucent door.
Crazy Yiuf shouts!
Crazy Yiuf grits, "East sallow alas!"
You see here a +0 hammer.
You open the door.
Crazy Yiuf grits, "Whiteboard!
Papa pontify pizzabubble."
You hit Crazy Yiuf but do no damage. You hit Crazy Yiuf but do no damage.
Crazy Yiuf hits you with a +2 quarterstaff of chaos.
You hit Crazy Yiuf.
Crazy Yiuf is lightly wounded.
Crazy Yiuf hits you with a +2 quarterstaff of chaos!
Ouch! That really hurt!
* * * LOW HITPOINT WARNING * * *
You hit Crazy Yiuf.
Crazy Yiuf is moderately wounded.
Crazy Yiuf completely misses you.
You hit Crazy Yiuf but do no damage.
Crazy Yiuf is moderately wounded.
Crazy Yiuf laughs, "Snoogle Xom dark!"
Crazy Yiuf hits you with a +2 quarterstaff of chaos.
* * * LOW HITPOINT WARNING * * *
You feel protected.
You hit Crazy Yiuf but do no damage.
Crazy Yiuf is moderately wounded.
Crazy Yiuf hits you with a +2 quarterstaff of chaos!
Ouch! That really hurt!
You die...

. .# .#.### ##....
#...# #...# .#
#...#.... ###
♣♣##.......# #)).#♣♣
♣♣....#######
#..)g@♣♣♣♣............
#...#♣).♣......#######
### ♣♣♣.♣....##
♣♣♣♣♣###


You could see Crazy Yiuf.

Vanquished Creatures
  An endoplasm (D:1)
  A giant cockroach (D:1)
  A goblin (D:1)
  A frilled lizard (D:1)
  A rat (D:1)
5 creatures vanquished.

Notes
Turn   | Place    | Note
-------+----------+-------------------------------------------
     0 | D:1      | rj54x the Ghoul Gladiator began the quest for the Orb.
     0 | D:1      | Reached XP level 1. HP: 17/17 MP: 0/0
   441 | D:1      | You fall into a shaft and drop 1 floor!
   483 | D:2      | Found a runed translucent door.
   484 | D:2      | Noticed Crazy Yiuf
   493 | D:2      | Mangled by Crazy Yiuf

Illustrated notes

Levels and vault maps discovered:
D:1:      dpeg_cavernosity, layout_basic, corexii_hall_statues_x
D:2:      layout_basic, minmay_quadrilaterals, uniq_crazy_yiuf_cottage,
          uniq_robin

Action                     || total
---------------------------++-------
  Melee: Unarmed           ||    28
         Punch             ||     1
 Armour: Ring mail         ||     4
  Dodge: Dodged            ||     8
